[ PARTIDA AOE2 · #472666915 ]
UnrankedJemeres vs Hindustanis
[ ANÁLISIS DE REPETICIÓN · EXTRAÍDO DE LA PARTIDA GRABADA ]
Feudal
—
Castillos
—
Imperial
—
| APM promedio | 0.3 |
| APM pico | 12 |
| eAPM promedio | 0.3 |
| Aldeanos / militares | 3 / 0 |
Foco
⚔️ 0.0% · 🌾 100.0%
Feudal
8:31
Castillos
15:25
Imperial
29:18
| APM promedio | 17.5 |
| APM pico | 31 |
| eAPM promedio | 14.5 |
| Aldeanos / militares | 177 / 50 |
Foco
⚔️ 16.8% · 🌾 83.2%
Mameluke ×50
Feudal
8:27
Castillos
12:22
Imperial
24:51
| APM promedio | 33.8 |
| APM pico | 59 |
| eAPM promedio | 20.3 |
| Aldeanos / militares | 273 / 181 |
Foco
⚔️ 19.6% · 🌾 80.4%
Camel Archer ×116 · Camel Scout ×51 · Mangonel ×8 · Trebuchet (Packed) ×5 · Monk ×1
Feudal
—
Castillos
—
Imperial
—
| APM promedio | 0.2 |
| APM pico | 9 |
| eAPM promedio | 0.2 |
| Aldeanos / militares | 0 / 0 |
Feudal
11:16
Castillos
18:33
Imperial
34:06
| APM promedio | 16.9 |
| APM pico | 40 |
| eAPM promedio | 16.5 |
| Aldeanos / militares | 188 / 77 |
Foco
⚔️ 22.9% · 🌾 77.1%
Trade Cart ×48 · Ghulam ×43 · Camel Scout ×33 · Monk ×1
Feudal
—
Castillos
—
Imperial
—
| APM promedio | 0.6 |
| APM pico | 30 |
| eAPM promedio | 0.5 |
| Aldeanos / militares | 5 / 0 |
Foco
⚔️ 0.0% · 🌾 100.0%
Feudal
8:23
Castillos
15:34
Imperial
35:26
| APM promedio | 15.6 |
| APM pico | 34 |
| eAPM promedio | 12.5 |
| Aldeanos / militares | 165 / 108 |
Foco
⚔️ 15.8% · 🌾 84.2%
Spearman ×77 · Trade Cart ×16 · Mangonel ×12 · Woad Raider ×12 · Battering Ram ×4 · Trebuchet (Packed) ×3
Feudal
9:17
Castillos
12:28
Imperial
27:49
| APM promedio | 32.8 |
| APM pico | 67 |
| eAPM promedio | 19.6 |
| Aldeanos / militares | 192 / 416 |
Foco
⚔️ 31.2% · 🌾 68.8%
Scout Cavalry ×357 · Scorpion ×42 · Trade Cart ×20 · Battering Ram ×14 · Trebuchet (Packed) ×2 · Ballista Elephant ×1
Mapa de la partida
Recursos iniciales + cada clic de construcción. Líneas = muros · curvas = relieve. ◆ oro · ⬟ piedra · ● bayas · ✦ reliquia · ◌ hueco del cierre
Tu base· ✓ Separados por el mapa
Base de 5WhiskeyTango· ✓ Separados por el mapa
Base de Venom· ✓ Separados por el mapa
Base de mlt44· ✓ Separados por el mapa
Base de Jlub-x7· ✓ Separados por el mapa
Base de GuanaKing· ✓ Separados por el mapa
Base de ocgama94· ✓ Separados por el mapa
Base de Trash Player· ✓ Separados por el mapa
Terreno inicial suavizado · ◌ = hueco del cierre detectado · pasá el cursor para detalles
Inputs por minuto
— Diaz - - 5WhiskeyTango
Build order — Diaz
5 acciones detectadas en el replay
| 0:04 | Crear | Villager (Male) |
| 0:04 | Crear | Villager (Male) |
| 0:04 | Crear | Villager (Male) |
| 0:07 | Construir | House |
| 0:10 | Construir | House |
Build order — 5WhiskeyTango
Primeras 150 de 392 acciones detectadas
| 0:05 | Crear | Villager (Male) |
| 0:05 | Crear | Villager (Male) |
| 0:06 | Crear | Villager (Male) |
| 0:06 | Crear | Villager (Male) |
| 0:06 | Crear | Villager (Male) |
| 0:31 | Construir | House |
| 0:32 | Construir | House |
| 0:33 | Construir | House |
| 1:04 | Crear | Villager (Male) |
| 1:23 | Crear | Villager (Male) |
| 1:54 | Construir | Lumber Camp |
| 2:02 | Crear | Villager (Male) |
| 2:35 | Crear | Villager (Male) |
| 2:35 | Crear | Villager (Male) |
| 2:35 | Crear | Villager (Male) |
| 2:54 | Crear | Villager (Male) |
| 3:09 | Crear | Villager (Male) |
| 3:21 | Crear | Villager (Male) |
| 3:59 | Construir | Mill |
| 5:29 | Crear | Villager (Male) |
| 5:29 | Crear | Villager (Male) |
| 5:57 | Construir | House |
| 6:21 | Investigar | Feudal Age |
| 6:27 | Construir | Mining Camp |
| 6:45 | Construir | Lumber Camp |
| 7:05 | Crear | Villager (Male) |
| 7:06 | Crear | Villager (Male) |
| 7:06 | Crear | Villager (Male) |
| 7:55 | Construir | House |
| 8:02 | Construir | House |
| 8:31 | Edad | Edad Feudal |
| 8:56 | Construir | Blacksmith |
| 9:30 | Crear | Villager (Male) |
| 9:31 | Crear | Villager (Male) |
| 10:16 | Crear | Villager (Male) |
| 10:17 | Crear | Villager (Male) |
| 10:25 | Construir | Farm |
| 10:26 | Construir | Farm |
| 10:27 | Construir | Farm |
| 10:30 | Construir | Farm |
| 10:44 | Construir | Market |
| 11:38 | Crear | Villager (Male) |
| 11:38 | Crear | Villager (Male) |
| 12:10 | Construir | Farm |
| 12:45 | Investigar | Castle Age |
| 12:57 | Crear | Villager (Male) |
| 12:57 | Crear | Villager (Male) |
| 13:27 | Investigar | Double-Bit Axe |
| 13:37 | Construir | House |
| 13:38 | Construir | House |
| 14:56 | Construir | House |
| 15:16 | Crear | Villager (Male) |
| 15:17 | Crear | Villager (Male) |
| 15:17 | Crear | Villager (Male) |
| 15:25 | Edad | Edad de los Castillos |
| 15:31 | Construir | Town Center |
| 15:57 | Investigar | Bow Saw |
| 16:11 | Construir | House |
| 16:29 | Construir | Town Center |
| 16:46 | Crear | Villager (Male) |
| 16:46 | Crear | Villager (Male) |
| 16:47 | Crear | Villager (Male) |
| 16:47 | Crear | Villager (Male) |
| 16:47 | Crear | Villager (Male) |
| 16:48 | Crear | Villager (Male) |
| 16:48 | Crear | Villager (Male) |
| 16:48 | Crear | Villager (Male) |
| 16:48 | Crear | Villager (Male) |
| 16:50 | Investigar | Horse Collar |
| 16:53 | Construir | House |
| 16:54 | Construir | House |
| 16:55 | Construir | House |
| 17:09 | Investigar | Gold Mining |
| 17:10 | Investigar | Stone Mining |
| 17:21 | Investigar | Wheelbarrow |
| 17:29 | Crear | Villager (Male) |
| 17:36 | Construir | Farm |
| 17:43 | Construir | Farm |
| 17:49 | Construir | Farm |
| 18:01 | Crear | Villager (Male) |
| 18:01 | Crear | Villager (Male) |
| 18:02 | Crear | Villager (Male) |
| 18:05 | Construir | Farm |
| 18:19 | Construir | House |
| 18:28 | Construir | Market |
| 19:02 | Construir | Mining Camp |
| 19:09 | Crear | Villager (Male) |
| 19:09 | Crear | Villager (Male) |
| 19:10 | Crear | Villager (Male) |
| 19:10 | Crear | Villager (Male) |
| 19:10 | Crear | Villager (Male) |
| 19:25 | Construir | Town Center |
| 19:39 | Construir | House |
| 19:41 | Construir | House |
| 19:42 | Construir | House |
| 19:43 | Construir | House |
| 19:44 | Construir | House |
| 19:46 | Construir | House |
| 19:49 | Construir | House |
| 20:00 | Crear | Villager (Male) |
| 20:00 | Crear | Villager (Male) |
| 20:00 | Crear | Villager (Male) |
| 20:01 | Crear | Villager (Male) |
| 20:01 | Crear | Villager (Male) |
| 20:23 | Construir | Outpost |
| 20:30 | Construir | House |
| 20:31 | Construir | House |
| 20:32 | Construir | House |
| 20:33 | Construir | House |
| 20:34 | Construir | House |
| 20:35 | Construir | House |
| 20:35 | Construir | House |
| 20:36 | Construir | House |
| 20:49 | Investigar | Gold Shaft Mining |
| 21:05 | Crear | Villager (Male) |
| 21:06 | Crear | Villager (Male) |
| 21:06 | Crear | Villager (Male) |
| 21:14 | Construir | Farm |
| 21:15 | Construir | Farm |
| 21:17 | Construir | Farm |
| 21:20 | Construir | Farm |
| 21:23 | Construir | Farm |
| 21:24 | Construir | Farm |
| 21:25 | Construir | Farm |
| 21:33 | Crear | Villager (Male) |
| 21:33 | Crear | Villager (Male) |
| 21:33 | Crear | Villager (Male) |
| 21:34 | Crear | Villager (Male) |
| 21:53 | Construir | Farm |
| 21:54 | Construir | Farm |
| 21:55 | Construir | Farm |
| 22:03 | Construir | Lumber Camp |
| 22:11 | Construir | Farm |
| 22:33 | Construir | Farm |
| 22:37 | Crear | Villager (Male) |
| 22:37 | Crear | Villager (Male) |
| 22:38 | Crear | Villager (Male) |
| 22:38 | Crear | Villager (Male) |
| 22:38 | Crear | Villager (Male) |
| 22:38 | Crear | Villager (Male) |
| 22:56 | Construir | Farm |
| 22:57 | Construir | Farm |
| 23:00 | Construir | Farm |
| 23:01 | Construir | Farm |
| 23:03 | Construir | Farm |
| 23:13 | Crear | Villager (Male) |
| 23:13 | Crear | Villager (Male) |
| 23:14 | Crear | Villager (Male) |
| 23:14 | Crear | Villager (Male) |
| 23:14 | Crear | Villager (Male) |
Build order — Venom
Primeras 150 de 487 acciones detectadas
| 0:02 | Investigar | Loom |
| 0:03 | Construir | House |
| 0:05 | Construir | House |
| 0:06 | Construir | House |
| 0:11 | Crear | Villager (Male) ×4 |
| 0:36 | Construir | Lumber Camp |
| 1:22 | Crear | Villager (Male) |
| 1:49 | Crear | Villager (Male) |
| 2:27 | Crear | Villager (Male) |
| 2:29 | Crear | Villager (Male) |
| 2:36 | Construir | Mill |
| 2:48 | Crear | Villager (Male) |
| 3:36 | Crear | Villager (Male) |
| 3:37 | Crear | Villager (Male) |
| 3:46 | Crear | Villager (Male) |
| 4:09 | Crear | Villager (Male) |
| 4:24 | Crear | Villager (Male) |
| 4:49 | Crear | Villager (Male) |
| 4:49 | Crear | Villager (Male) |
| 5:50 | Construir | Mining Camp |
| 6:09 | Investigar | Feudal Age |
| 8:21 | Crear | Villager (Male) |
| 8:21 | Crear | Villager (Male) |
| 8:22 | Crear | Villager (Male) |
| 8:27 | Edad | Edad Feudal |
| 8:28 | Construir | Market |
| 8:33 | Construir | Blacksmith |
| 9:18 | Construir | House |
| 9:29 | Investigar | Castle Age |
| 10:21 | Investigar | Double-Bit Axe |
| 10:59 | Investigar | Horse Collar |
| 11:43 | Crear | Villager (Male) |
| 12:16 | Construir | House |
| 12:22 | Edad | Edad de los Castillos |
| 12:23 | Construir | Town Center |
| 12:26 | Crear | Villager (Male) |
| 12:30 | Construir | Town Center |
| 12:41 | Investigar | Bow Saw |
| 12:41 | Investigar | Bow Saw |
| 12:45 | Construir | Farm |
| 12:53 | Crear | Villager (Male) ×3 |
| 13:09 | Construir | Farm |
| 13:11 | Crear | Villager (Male) ×2 |
| 13:19 | Crear | Villager (Male) ×2 |
| 13:26 | Construir | Farm |
| 13:30 | Construir | Farm |
| 13:38 | Crear | Villager (Male) |
| 13:44 | Construir | Farm |
| 13:45 | Construir | Farm |
| 13:58 | Construir | Farm |
| 14:01 | Construir | Farm |
| 14:03 | Crear | Villager (Male) |
| 14:07 | Crear | Villager (Male) ×2 |
| 14:11 | Construir | Farm |
| 14:25 | Construir | Farm |
| 14:29 | Construir | Farm |
| 14:30 | Crear | Villager (Male) |
| 14:36 | Construir | Farm |
| 14:44 | Construir | Farm |
| 14:48 | Construir | Farm |
| 14:49 | Crear | Villager (Male) |
| 14:54 | Crear | Villager (Male) |
| 14:59 | Construir | Farm |
| 15:02 | Construir | Farm |
| 15:09 | Crear | Villager (Male) |
| 15:13 | Construir | Farm |
| 15:16 | Crear | Villager (Male) |
| 15:21 | Construir | Farm |
| 15:23 | Construir | Farm |
| 15:29 | Construir | House |
| 15:31 | Crear | Villager (Male) |
| 15:42 | Crear | Villager (Male) |
| 15:42 | Crear | Villager (Male) |
| 15:46 | Construir | Farm |
| 15:50 | Crear | Villager (Male) ×2 |
| 15:58 | Crear | Villager (Male) |
| 16:01 | Construir | House |
| 16:09 | Construir | Farm |
| 16:10 | Crear | Villager (Male) |
| 16:14 | Construir | Farm |
| 16:15 | Crear | Villager (Male) |
| 16:19 | Construir | Farm |
| 16:26 | Crear | Villager (Male) |
| 16:32 | Crear | Villager (Male) ×2 |
| 16:39 | Construir | Farm |
| 16:41 | Crear | Villager (Male) |
| 16:43 | Crear | Villager (Male) |
| 16:50 | Construir | Farm |
| 16:52 | Crear | Villager (Male) |
| 17:01 | Crear | Villager (Male) |
| 17:10 | Crear | Villager (Male) |
| 17:11 | Crear | Villager (Male) |
| 17:19 | Construir | Town Center |
| 17:29 | Investigar | Wheelbarrow |
| 17:39 | Construir | Monastery |
| 17:44 | Crear | Villager (Male) ×3 |
| 17:51 | Construir | Farm |
| 17:57 | Construir | Farm |
| 17:58 | Crear | Villager (Male) |
| 18:09 | Crear | Villager (Male) ×2 |
| 18:09 | Crear | Villager (Male) |
| 18:09 | Crear | Villager (Male) |
| 18:18 | Construir | Farm |
| 18:20 | Construir | Farm |
| 18:26 | Investigar | Heavy Plow |
| 18:32 | Investigar | Gold Mining |
| 18:35 | Crear | Villager (Male) |
| 18:38 | Crear | Monk |
| 18:44 | Crear | Villager (Male) ×2 |
| 18:52 | Crear | Villager (Male) |
| 18:56 | Construir | Farm |
| 18:57 | Construir | Farm |
| 18:59 | Construir | Farm |
| 19:03 | Construir | Farm |
| 19:05 | Crear | Villager (Male) ×3 |
| 19:14 | Construir | House |
| 19:15 | Construir | House |
| 19:16 | Construir | House |
| 19:27 | Construir | Mining Camp |
| 19:28 | Crear | Villager (Male) ×5 |
| 19:35 | Construir | Farm |
| 19:40 | Crear | Villager (Male) ×3 |
| 19:49 | Crear | Villager (Male) |
| 19:50 | Crear | Villager (Male) |
| 19:50 | Crear | Villager (Male) |
| 19:59 | Crear | Villager (Male) ×2 |
| 20:00 | Crear | Villager (Male) ×2 |
| 20:02 | Construir | Farm |
| 20:22 | Construir | University |
| 20:24 | Crear | Villager (Male) ×5 |
| 20:24 | Crear | Villager (Male) |
| 20:24 | Crear | Villager (Male) |
| 20:31 | Crear | Villager (Male) |
| 20:36 | Construir | House |
| 20:39 | Construir | House |
| 20:40 | Construir | House |
| 20:43 | Crear | Villager (Male) ×3 |
| 20:57 | Construir | Farm |
| 21:21 | Construir | Farm |
| 21:37 | Construir | House |
| 21:38 | Construir | House |
| 21:41 | Investigar | Imperial Age |
| 21:46 | Crear | Villager (Male) |
| 21:52 | Construir | Lumber Camp |
| 21:56 | Crear | Villager (Male) ×2 |
| 22:18 | Construir | Town Center |
| 22:22 | Crear | Villager (Male) ×5 |
| 22:23 | Crear | Villager (Male) ×2 |
| 22:24 | Crear | Villager (Male) |
| 22:28 | Construir | Farm |
Build order — mlt44
0 acciones detectadas en el replay
Build order — Jlub-x7
Primeras 150 de 561 acciones detectadas
| 0:19 | Crear | Villager (Male) |
| 0:20 | Crear | Villager (Male) |
| 0:20 | Crear | Villager (Male) |
| 0:20 | Crear | Villager (Male) |
| 0:20 | Crear | Villager (Male) |
| 0:37 | Construir | House |
| 0:38 | Construir | House |
| 0:41 | Construir | House |
| 0:44 | Construir | House |
| 0:46 | Construir | House |
| 1:04 | Construir | Lumber Camp |
| 1:25 | Investigar | Loom |
| 1:50 | Construir | Mill |
| 2:00 | Crear | Villager (Male) |
| 2:47 | Crear | Villager (Male) |
| 3:03 | Construir | House |
| 3:17 | Construir | Mining Camp |
| 3:22 | Crear | Villager (Male) |
| 3:34 | Crear | Villager (Male) |
| 4:15 | Crear | Villager (Male) |
| 4:49 | Crear | Villager (Male) |
| 5:11 | Construir | House |
| 5:13 | Construir | House |
| 5:15 | Construir | House |
| 5:17 | Construir | House |
| 5:18 | Construir | House |
| 5:21 | Construir | House |
| 5:22 | Construir | House |
| 5:25 | Construir | House |
| 5:27 | Construir | House |
| 5:51 | Crear | Villager (Male) |
| 6:32 | Crear | Villager (Male) |
| 7:00 | Crear | Villager (Male) |
| 7:27 | Crear | Villager (Male) |
| 7:38 | Crear | Villager (Male) |
| 8:21 | Crear | Villager (Male) |
| 9:06 | Investigar | Feudal Age |
| 9:22 | Construir | Mill |
| 10:15 | Construir | House |
| 10:17 | Construir | House |
| 10:18 | Construir | House |
| 10:20 | Construir | House |
| 11:16 | Edad | Edad Feudal |
| 11:33 | Investigar | Horse Collar |
| 11:35 | Investigar | Double-Bit Axe |
| 11:40 | Construir | Farm |
| 11:41 | Construir | Farm |
| 11:42 | Construir | Farm |
| 11:50 | Crear | Villager (Male) |
| 11:51 | Crear | Villager (Male) |
| 12:05 | Construir | Farm |
| 12:05 | Construir | Farm |
| 12:06 | Construir | Farm |
| 12:06 | Construir | Farm |
| 12:08 | Construir | Farm |
| 12:08 | Construir | Farm |
| 12:09 | Construir | Farm |
| 12:09 | Construir | Farm |
| 12:25 | Construir | Market |
| 12:45 | Construir | Blacksmith |
| 13:01 | Crear | Villager (Male) |
| 13:32 | Construir | Farm |
| 13:36 | Construir | Farm |
| 13:39 | Crear | Villager (Male) |
| 14:09 | Crear | Villager (Male) |
| 14:14 | Crear | Villager (Male) |
| 14:19 | Construir | Farm |
| 14:19 | Construir | Farm |
| 14:20 | Construir | Farm |
| 14:20 | Construir | Farm |
| 14:46 | Construir | Market |
| 15:08 | Crear | Villager (Male) |
| 15:16 | Construir | Farm |
| 15:20 | Construir | Farm |
| 15:53 | Investigar | Castle Age |
| 16:06 | Construir | Mining Camp |
| 16:23 | Construir | Mining Camp |
| 16:33 | Investigar | Stone Mining |
| 16:54 | Investigar | Gold Mining |
| 17:26 | Crear | Villager (Male) |
| 17:27 | Crear | Villager (Male) |
| 18:33 | Edad | Edad de los Castillos |
| 18:49 | Construir | Town Center |
| 19:01 | Investigar | Bow Saw |
| 19:22 | Investigar | Heavy Plow |
| 19:27 | Crear | Villager (Male) |
| 19:27 | Crear | Villager (Male) |
| 19:29 | Crear | Villager (Male) |
| 19:44 | Crear | Villager (Male) |
| 19:44 | Crear | Villager (Male) |
| 19:45 | Crear | Villager (Male) |
| 20:00 | Crear | Villager (Male) |
| 20:01 | Crear | Villager (Male) |
| 20:14 | Construir | Lumber Camp |
| 20:28 | Crear | Villager (Male) |
| 20:32 | Crear | Villager (Male) |
| 20:38 | Investigar | Caravan |
| 20:50 | Crear | Villager (Male) |
| 21:24 | Construir | Town Center |
| 21:32 | Crear | Villager (Male) |
| 21:34 | Crear | Villager (Male) |
| 21:52 | Construir | Town Center |
| 22:02 | Crear | Villager (Male) |
| 22:03 | Crear | Villager (Male) |
| 22:03 | Crear | Villager (Male) |
| 22:25 | Construir | Town Center |
| 22:29 | Crear | Villager (Male) |
| 22:30 | Crear | Villager (Male) |
| 22:31 | Crear | Villager (Male) |
| 22:31 | Crear | Villager (Male) |
| 22:35 | Crear | Villager (Male) |
| 22:36 | Crear | Villager (Male) |
| 22:37 | Crear | Villager (Male) |
| 22:39 | Crear | Villager (Male) |
| 23:12 | Construir | Farm |
| 23:12 | Construir | Farm |
| 23:13 | Construir | Farm |
| 23:13 | Construir | Farm |
| 23:13 | Construir | Farm |
| 23:13 | Construir | Farm |
| 23:14 | Construir | Farm |
| 23:14 | Construir | Farm |
| 23:14 | Construir | Farm |
| 23:15 | Construir | Farm |
| 23:15 | Construir | Farm |
| 23:15 | Construir | Farm |
| 23:26 | Crear | Villager (Male) |
| 23:26 | Crear | Villager (Male) |
| 23:26 | Crear | Villager (Male) |
| 23:27 | Crear | Villager (Male) |
| 23:27 | Crear | Villager (Male) |
| 23:28 | Crear | Villager (Male) |
| 23:36 | Crear | Villager (Male) |
| 23:58 | Construir | Town Center |
| 24:15 | Construir | Farm |
| 24:15 | Construir | Farm |
| 24:15 | Construir | Farm |
| 24:16 | Construir | Farm |
| 24:16 | Construir | Farm |
| 24:16 | Construir | Farm |
| 24:17 | Construir | Farm |
| 24:17 | Construir | Farm |
| 24:21 | Crear | Villager (Male) |
| 24:21 | Crear | Villager (Male) |
| 24:22 | Crear | Villager (Male) |
| 24:24 | Crear | Villager (Male) |
| 24:27 | Construir | Farm |
| 24:28 | Construir | Farm |
| 24:28 | Construir | Farm |
| 24:28 | Construir | Farm |
Build order — GuanaKing
7 acciones detectadas en el replay
| 0:02 | Crear | Villager (Male) |
| 0:02 | Crear | Villager (Male) |
| 0:02 | Crear | Villager (Male) |
| 0:03 | Crear | Villager (Male) |
| 0:03 | Crear | Villager (Male) |
| 0:04 | Construir | House |
| 0:06 | Construir | House |
Build order — ocgama94
Primeras 150 de 408 acciones detectadas
| 0:02 | Crear | Villager (Male) ×4 |
| 0:06 | Construir | House |
| 0:07 | Construir | House |
| 1:10 | Crear | Villager (Male) |
| 1:27 | Construir | Mill |
| 2:18 | Crear | Villager (Male) |
| 2:19 | Crear | Villager (Male) |
| 3:18 | Crear | Villager (Male) |
| 3:18 | Crear | Villager (Male) |
| 3:18 | Crear | Villager (Male) |
| 3:43 | Crear | Villager (Male) |
| 3:55 | Crear | Villager (Male) |
| 4:24 | Crear | Villager (Male) |
| 4:50 | Construir | Lumber Camp |
| 5:10 | Crear | Villager (Male) |
| 5:16 | Construir | House |
| 5:19 | Construir | House |
| 5:43 | Crear | Villager (Male) |
| 5:54 | Investigar | Feudal Age |
| 7:56 | Crear | Villager (Male) |
| 8:12 | Construir | Mining Camp |
| 8:23 | Edad | Edad Feudal |
| 8:40 | Construir | Blacksmith |
| 8:53 | Crear | Villager (Male) |
| 10:07 | Construir | Mill |
| 10:10 | Crear | Villager (Male) |
| 10:22 | Investigar | Double-Bit Axe |
| 10:38 | Crear | Villager (Male) |
| 11:02 | Construir | Market |
| 11:11 | Crear | Villager (Male) |
| 11:36 | Crear | Villager (Male) |
| 12:03 | Crear | Villager (Male) |
| 12:46 | Construir | Farm |
| 12:47 | Construir | Farm |
| 12:54 | Investigar | Castle Age |
| 13:32 | Construir | House |
| 13:33 | Construir | House |
| 13:35 | Construir | House |
| 14:01 | Crear | Villager (Male) |
| 14:09 | Investigar | Horse Collar |
| 14:34 | Construir | Farm |
| 14:35 | Construir | Farm |
| 14:36 | Construir | Farm |
| 14:58 | Construir | Farm |
| 15:34 | Edad | Edad de los Castillos |
| 15:43 | Construir | Town Center |
| 15:53 | Crear | Villager (Male) |
| 16:12 | Construir | Town Center |
| 16:37 | Construir | Farm |
| 16:41 | Crear | Villager (Male) |
| 16:42 | Crear | Villager (Male) |
| 17:10 | Construir | Farm |
| 17:11 | Construir | Farm |
| 17:14 | Construir | Farm |
| 17:30 | Crear | Villager (Male) |
| 17:48 | Construir | Mining Camp |
| 17:54 | Crear | Villager (Male) |
| 17:55 | Crear | Villager (Male) |
| 18:16 | Crear | Villager (Male) |
| 18:17 | Crear | Villager (Male) |
| 18:49 | Investigar | Wheelbarrow |
| 19:04 | Crear | Villager (Male) |
| 19:06 | Crear | Villager (Male) |
| 19:19 | Construir | Market |
| 19:23 | Construir | Farm |
| 19:40 | Construir | Town Center |
| 19:49 | Crear | Villager (Male) |
| 19:51 | Crear | Villager (Male) |
| 20:09 | Crear | Villager (Male) |
| 20:10 | Crear | Villager (Male) |
| 20:10 | Crear | Villager (Male) |
| 20:24 | Construir | Market |
| 20:25 | Crear | Villager (Male) |
| 20:26 | Crear | Villager (Male) |
| 20:29 | Construir | Farm |
| 21:03 | Construir | Town Center |
| 21:10 | Crear | Villager (Male) |
| 21:10 | Crear | Villager (Male) |
| 21:10 | Crear | Villager (Male) |
| 21:37 | Construir | Stone Wall |
| 21:48 | Construir | Stone Wall |
| 21:52 | Crear | Villager (Male) ×3 |
| 21:55 | Construir | Farm |
| 21:55 | Construir | Farm |
| 21:56 | Construir | Farm |
| 21:56 | Construir | Farm |
| 21:56 | Construir | Farm |
| 21:57 | Construir | Farm |
| 21:57 | Construir | Farm |
| 21:58 | Construir | Farm |
| 22:16 | Construir | Farm |
| 22:17 | Construir | Farm |
| 22:19 | Crear | Villager (Male) |
| 22:19 | Crear | Villager (Male) |
| 22:32 | Construir | Lumber Camp |
| 22:35 | Crear | Villager (Male) |
| 22:43 | Crear | Villager (Male) |
| 22:52 | Crear | Villager (Male) |
| 23:20 | Construir | Stone Wall |
| 23:28 | Construir | Gate |
| 23:31 | Construir | Gate |
| 23:40 | Construir | Farm |
| 23:41 | Crear | Villager (Male) |
| 23:42 | Crear | Villager (Male) |
| 23:43 | Crear | Villager (Male) |
| 23:45 | Crear | Villager (Male) |
| 23:46 | Crear | Villager (Male) |
| 23:54 | Investigar | Loom |
| 23:58 | Crear | Villager (Male) |
| 24:00 | Crear | Villager (Male) |
| 24:18 | Investigar | Hand Cart |
| 24:19 | Crear | Villager (Male) |
| 24:23 | Construir | Farm |
| 24:24 | Construir | Farm |
| 24:24 | Construir | Farm |
| 24:30 | Crear | Trade Cart |
| 24:39 | Crear | Villager (Male) |
| 24:40 | Crear | Villager (Male) |
| 24:46 | Crear | Villager (Male) |
| 24:47 | Crear | Villager (Male) |
| 24:54 | Crear | Villager (Male) |
| 25:04 | Construir | House |
| 25:06 | Construir | House |
| 25:06 | Construir | House |
| 25:07 | Construir | House |
| 25:08 | Construir | House |
| 25:08 | Construir | House |
| 25:09 | Construir | House |
| 25:10 | Construir | House |
| 25:12 | Construir | House |
| 25:20 | Construir | Farm |
| 25:21 | Construir | Farm |
| 25:26 | Crear | Villager (Male) |
| 25:26 | Crear | Villager (Male) |
| 25:32 | Construir | Farm |
| 25:32 | Construir | Farm |
| 25:34 | Construir | Farm |
| 25:34 | Construir | Farm |
| 25:34 | Construir | Farm |
| 25:35 | Construir | Farm |
| 25:35 | Construir | Farm |
| 25:35 | Construir | Farm |
| 25:35 | Construir | Farm |
| 25:38 | Crear | Villager (Male) |
| 25:39 | Crear | Villager (Male) |
| 25:45 | Construir | House |
| 25:46 | Construir | House |
| 25:46 | Construir | House |
| 25:48 | Crear | Villager (Male) |
| 25:48 | Crear | Villager (Male) |
Build order — Trash Player
Primeras 150 de 622 acciones detectadas
| 0:02 | Crear | Villager (Male) |
| 0:03 | Crear | Villager (Male) |
| 0:06 | Construir | House |
| 0:08 | Construir | House |
| 0:15 | Crear | Villager (Male) |
| 0:15 | Crear | Villager (Male) |
| 0:52 | Construir | Lumber Camp |
| 1:30 | Crear | Villager (Male) |
| 1:31 | Crear | Villager (Male) |
| 1:48 | Crear | Villager (Male) |
| 1:48 | Crear | Villager (Male) |
| 2:22 | Crear | Villager (Male) ×2 |
| 2:45 | Construir | Mill |
| 3:07 | Crear | Villager (Male) |
| 3:49 | Crear | Villager (Male) |
| 4:13 | Crear | Villager (Male) |
| 4:40 | Crear | Villager (Male) |
| 4:41 | Crear | Villager (Male) |
| 5:01 | Crear | Villager (Male) |
| 5:11 | Construir | Lumber Camp |
| 5:34 | Crear | Villager (Male) |
| 5:38 | Construir | House |
| 6:09 | Crear | Villager (Male) |
| 6:26 | Construir | Mining Camp |
| 7:08 | Investigar | Feudal Age |
| 7:39 | Construir | Farm |
| 7:40 | Construir | Farm |
| 8:42 | Construir | Farm |
| 8:44 | Construir | Farm |
| 9:17 | Edad | Edad Feudal |
| 9:21 | Crear | Villager (Male) |
| 9:48 | Investigar | Castle Age |
| 10:20 | Investigar | Double-Bit Axe |
| 10:21 | Investigar | Double-Bit Axe |
| 10:23 | Investigar | Horse Collar |
| 10:23 | Investigar | Horse Collar |
| 10:47 | Construir | House |
| 11:08 | Construir | Farm |
| 11:40 | Construir | Lumber Camp |
| 11:59 | Construir | Farm |
| 12:02 | Construir | Farm |
| 12:05 | Construir | Farm |
| 12:11 | Crear | Villager (Male) |
| 12:28 | Edad | Edad de los Castillos |
| 12:32 | Construir | Town Center |
| 12:38 | Construir | Town Center |
| 12:41 | Crear | Villager (Male) |
| 12:43 | Investigar | Bow Saw |
| 12:43 | Investigar | Bow Saw |
| 13:08 | Construir | Farm |
| 13:29 | Crear | Villager (Male) |
| 13:30 | Crear | Villager (Male) |
| 13:38 | Crear | Villager (Male) |
| 13:38 | Crear | Villager (Male) |
| 14:05 | Crear | Villager (Male) |
| 14:05 | Crear | Villager (Male) |
| 14:06 | Crear | Villager (Male) |
| 14:18 | Construir | Farm |
| 14:18 | Construir | Farm |
| 14:20 | Construir | Farm |
| 14:22 | Crear | Villager (Male) |
| 14:34 | Crear | Villager (Male) |
| 14:36 | Crear | Villager (Male) |
| 14:39 | Construir | Farm |
| 14:42 | Construir | Farm |
| 14:43 | Construir | Farm |
| 14:46 | Crear | Villager (Male) |
| 14:53 | Crear | Villager (Male) |
| 14:58 | Construir | Farm |
| 14:59 | Construir | Farm |
| 15:03 | Construir | Farm |
| 15:05 | Construir | Farm |
| 15:06 | Crear | Villager (Male) ×2 |
| 15:07 | Crear | Villager (Male) ×2 |
| 15:13 | Crear | Villager (Male) |
| 15:14 | Crear | Villager (Male) |
| 15:24 | Crear | Villager (Male) |
| 15:24 | Crear | Villager (Male) |
| 15:31 | Crear | Villager (Male) |
| 15:44 | Crear | Villager (Male) |
| 15:44 | Crear | Villager (Male) |
| 15:51 | Construir | House |
| 15:52 | Construir | House |
| 15:52 | Construir | House |
| 15:52 | Construir | House |
| 15:53 | Construir | House |
| 15:53 | Construir | House |
| 15:54 | Construir | House |
| 15:55 | Crear | Villager (Male) ×2 |
| 16:08 | Construir | Farm |
| 16:09 | Construir | Farm |
| 16:10 | Construir | Farm |
| 16:10 | Construir | Farm |
| 16:20 | Construir | Town Center |
| 16:24 | Crear | Villager (Male) |
| 16:37 | Crear | Villager (Male) |
| 16:52 | Crear | Villager (Male) |
| 16:53 | Crear | Villager (Male) |
| 16:57 | Construir | Farm |
| 16:58 | Construir | Farm |
| 16:59 | Construir | Farm |
| 17:00 | Construir | Farm |
| 17:12 | Crear | Villager (Male) |
| 17:15 | Crear | Villager (Male) |
| 17:16 | Crear | Villager (Male) |
| 17:26 | Construir | House |
| 17:27 | Construir | House |
| 17:28 | Construir | House |
| 17:30 | Crear | Villager (Male) |
| 17:32 | Crear | Villager (Male) |
| 17:36 | Crear | Villager (Male) |
| 17:36 | Crear | Villager (Male) |
| 17:36 | Crear | Villager (Male) |
| 17:36 | Crear | Villager (Male) |
| 17:37 | Crear | Villager (Male) |
| 17:37 | Crear | Villager (Male) |
| 17:49 | Investigar | Gold Mining |
| 17:49 | Investigar | Gold Mining |
| 17:52 | Crear | Villager (Male) |
| 17:52 | Crear | Villager (Male) |
| 17:57 | Construir | Farm |
| 18:00 | Crear | Villager (Male) ×2 |
| 18:00 | Crear | Villager (Male) ×2 |
| 18:06 | Crear | Villager (Male) |
| 18:06 | Crear | Villager (Male) |
| 18:14 | Construir | Lumber Camp |
| 18:18 | Crear | Villager (Male) ×2 |
| 18:18 | Crear | Villager (Male) ×2 |
| 18:40 | Construir | Town Center |
| 18:43 | Investigar | Wheelbarrow |
| 18:45 | Crear | Villager (Male) ×2 |
| 18:45 | Crear | Villager (Male) ×2 |
| 18:58 | Construir | House |
| 18:59 | Construir | House |
| 18:59 | Construir | House |
| 19:08 | Crear | Villager (Male) ×4 |
| 19:37 | Crear | Villager (Male) |
| 19:43 | Crear | Villager (Male) |
| 19:44 | Crear | Villager (Male) |
| 19:44 | Crear | Villager (Male) |
| 19:44 | Crear | Villager (Male) |
| 19:45 | Crear | Villager (Male) |
| 19:45 | Crear | Villager (Male) |
| 19:50 | Crear | Villager (Male) |
| 20:01 | Construir | House |
| 20:02 | Construir | House |
| 20:03 | Construir | House |
| 20:05 | Construir | House |
| 20:06 | Construir | House |
| 20:07 | Construir | House |
Cronología de la partida
| 0:01 | mlt44 · resign |
| 8:23 | ocgama94 · age_up feudal |
| 8:27 | Venom · age_up feudal |
| 8:31 | 5WhiskeyTango · age_up feudal |
| 9:17 | Trash Player · age_up feudal |
| 11:16 | Jlub-x7 · age_up feudal |
| 12:22 | Venom · age_up castle |
| 12:28 | Trash Player · age_up castle |
| 12:50 | Venom · first_market_buy 100 food |
| 15:25 | 5WhiskeyTango · age_up castle |
| 15:34 | ocgama94 · age_up castle |
| 15:50 | 5WhiskeyTango · first_market_buy 100 wood |
| 17:39 | Venom · first_building Monastery |
| 18:33 | Jlub-x7 · age_up castle |
| 21:17 | Venom · first_market_sell 100 wood |
| 21:37 | ocgama94 · wall_segment Stone Wall x34 |
| 21:48 | ocgama94 · wall_segment Stone Wall x16 |
| 22:53 | Venom · first_building Siege Workshop |
| 23:20 | ocgama94 · wall_segment Stone Wall x38 |
| 23:28 | Trash Player · first_building Castle |
| 23:55 | Venom · first_building Barracks |
| 23:59 | Trash Player · first_building Stable |
| 24:48 | 5WhiskeyTango · first_building Siege Workshop |
| 24:51 | Venom · age_up imperial |
| 24:53 | Jlub-x7 · first_building Monastery |
| 24:55 | 5WhiskeyTango · first_building Castle |
| 26:02 | ocgama94 · first_building Castle |
| 26:17 | Venom · first_building Castle |
| 27:00 | Venom · first_building Stable |
| 27:49 | Trash Player · age_up imperial |
| 28:30 | ocgama94 · first_building Barracks |
| 28:48 | ocgama94 · wall_segment Stone Wall x17 |
| 29:18 | 5WhiskeyTango · age_up imperial |
| 29:34 | ocgama94 · first_building Siege Workshop |
| 31:03 | 5WhiskeyTango · first_building Barracks |
| 31:04 | ocgama94 · wall_segment Stone Wall x4 |
| 32:37 | Trash Player · first_building Siege Workshop |
| 33:26 | Trash Player · wall_segment Stone Wall x3 |
| 34:06 | Jlub-x7 · age_up imperial |
| 34:51 | Jlub-x7 · first_building Castle |
| 35:12 | 5WhiskeyTango · first_building Stable |
| 35:26 | ocgama94 · age_up imperial |
| 36:48 | Trash Player · wall_segment Stone Wall x6 |
| 38:59 | 5WhiskeyTango · wall_segment Stone Wall x29 |
| 40:51 | ocgama94 · first_building Stable |
| 40:51 | Jlub-x7 · first_building Barracks |
| 41:49 | Trash Player · wall_segment Stone Wall x2 |
| 42:03 | Jlub-x7 · first_building Stable |
| 42:35 | Venom · wall_segment Stone Wall x25 |
| 43:10 | Jlub-x7 · first_building Archery Range |
[ ANÁLISIS IA · 1 CRÉDITO ]
¿Qué pasó realmente en esta partida?
Wolo.gg analiza cada decisión: build order, eco, micro, errores típicos por bracket. Análisis personalizado por WhatsApp o Discord en 30 segundos.
Guía civ
Jemeres
Perfil
Jugador #2650384